 Dungeon Crawl Stone Soup version 0.21-a0-576-ge8bd881 (webtiles) character file.

4278 Spazmo the Thaumaturge (level 10, -9/50 HPs)
             Began as a Deep Elf Fire Elementalist on Dec 17, 2017.
             Was a Believer of Vehumet.
             Mangled by an orc warrior
             ... wielding a +0 short sword
              (13 damage)
             ... on level 9 of the Dungeon on Dec 18, 2017.
             The game lasted 00:35:28 (8562 turns).

Spazmo the Thaumaturge (Deep Elf Fire Elementalist) Turns: 8562, Time: 00:35:28

Health: -9/50      AC:  5    Str:  5    XL:     10   Next: 10%
Magic:  25/27      EV: 14    Int: 28    God:    Vehumet [**....]
Gold:   173        SH:  0    Dex: 18    Spells: 14/31 levels left

rFire    . . .     SeeInvis .   a - +2 rapier (flame)
rCold    . . .     Gourm    .   (no shield)
rNeg     . . .     Faith    .   K - +0 robe of Henotheism {+Fly Dex+3}
rPois    .         Spirit   .   J - +0 helmet
rElec    .         Reflect  .   (no cloak)
rCorr    +         Harm     .   E - +0 pair of gloves
MR       +....                  s - +0 pair of boots
Stlth    ++........             (no amulet)
HPRegen  0.16/turn              h - ring of resist corrosion
MPRegen  0.20/turn              y - +4 ring of intelligence

@: no status effects
A: no striking features
a: Renounce Religion, Evoke Flight


You were on level 9 of the Dungeon.
You worshipped Vehumet.
Vehumet was pleased with you.
You were not hungry.

You visited 2 branches of the dungeon, and saw 10 of its levels.
You also visited: Ossuary.

You collected 373 gold pieces.
You spent 200 gold pieces at shops.

Inventory:

Hand Weapons
 a - a +2 rapier of flaming (weapon)
 n - a +1 short sword of speed
 M - a +0 blowgun
Missiles
 f - 271 stones (quivered)
 C - 28 poisoned needles
Armour
 s - a +0 pair of boots (worn)
 E - a +0 pair of gloves (worn)
 J - a +0 helmet (worn)
 K - the +0 robe of Henotheism (worn) {+Fly Dex+3}
   (You found it on level 7 of the Dungeon)

   It affects your dexterity (+3).
   It lets you fly.
Jewellery
 d - an uncursed ring of wizardry
 h - a ring of resist corrosion (left hand)
 y - a +4 ring of intelligence (right hand)
 G - an uncursed ring of flight
Wands
 o - a wand of polymorph (3)
 B - a wand of iceblast (10)
 H - a wand of random effects (44)
Scrolls
 g - 2 scrolls of blinking
 i - 4 scrolls of remove curse
 k - 5 scrolls of identify
 m - a scroll of fear
 p - 4 scrolls of teleportation
 r - 2 scrolls of magic mapping
 x - a scroll of enchant armour
 I - 2 scrolls of fog
Potions
 e - 4 potions of curing
 j - a potion of mutation
 l - 2 potions of magic
 q - a potion of flight
 u - a potion of haste
 w - 3 potions of brilliance
 z - a potion of invisibility
 A - a potion of ambrosia
 F - a potion of heal wounds
Books
 b - a book of Flames

   Spells                             Type                      Level
   a - Flame Tongue                   Conjuration/Fire             1
   b - Throw Flame                    Conjuration/Fire             2
   c - Conjure Flame                  Conjuration/Fire             3
   d - Inner Flame                    Hexes/Fire                   3
   e - Sticky Flame                   Conjuration/Fire             4
   f - Fireball                       Conjuration/Fire             5
 t - a book of Maledictions

   Spells                             Type                      Level
   a - Corona                         Hexes                        1
   b - Ensorcelled Hibernation        Hexes/Ice                    2
   c - Confuse                        Hexes                        3
   d - Tukima's Dance                 Hexes                        3
   e - Dazzling Spray                 Conjuration/Hexes            3
 v - a book of Changes

   Spells                             Type                      Level
   a - Beastly Appendage              Transmutation                1
   b - Sticks to Snakes               Transmutation                2
   c - Spider Form                    Transmutation/Poison         3
   d - Ice Form                       Ice/Transmutation            4
   e - Blade Hands                    Transmutation                5
 D - a book of Minor Magic

   Spells                             Type                      Level
   a - Magic Dart                     Conjuration                  1
   b - Blink                          Translocation                2
   c - Call Imp                       Summoning                    2
   d - Slow                           Hexes                        2
   e - Conjure Flame                  Conjuration/Fire             3
   f - Mephitic Cloud                 Conjuration/Poison/Air       3
Comestibles
 c - 11 rations
 L - 8 chunks of flesh


   Skills:
 - Level 3.0 Dodging
 - Level 3.0 Stealth
 + Level 11.2 Spellcasting
 + Level 9.2 Conjurations
 + Level 9.8 Fire Magic


You had 14 spell levels left.
You knew the following spells:

 Your Spells              Type           Power        Failure   Level  Hunger
a - Flame Tongue          Conj/Fire      #####        1%          1    None
b - Throw Flame           Conj/Fire      ######       1%          2    None
c - Conjure Flame         Conj/Fire      ######..     1%          3    None
d - Sticky Flame          Conj/Fire      ######..     1%          4    None
e - Fireball              Conj/Fire      ######....   1%          5    ###....
f - Blink                 Tloc           N/A          5%          2    None


Dungeon Overview and Level Annotations

Branches:
Dungeon (9/15)             Temple (1/1) D:5
   Lair: D:8-11         Orc: D:9-12

Altars:
Ashenzari
Gozag
Nemelex Xobeh
Vehumet
Yredelemnul
Zin

Shops:
D:5 *


Message History

Things that are here:
a club; a dagger Wield which item (- for none, * to show all)? (? for menu, Esc to quit)
M - a +0 blowgun (weapon)
Wield which item (- for none, * to show all)? (? for menu, Esc to quit)
Your +2 rapier of flaming bursts into flame!
a - a +2 rapier of flaming (weapon)
There is a stone staircase leading down here.
You climb downwards.
You hear a distant slurping noise.
The ogre hits you with a giant club!
The orc warrior hits you but does no damage.
The ogre hits you with a giant club!
* * * LOW HITPOINT WARNING * * *
There is a stone staircase leading up, spattered with blood here.
Casting: Flame Tongue
Confirm with . or Enter, or press ? or * to list all spells.
You blink.
The orc warrior hits you with a short sword!
You die...

##+#####
#......#
#...O..#
#....ยง.#
#..@o..#
#......#
#......+
#))....#
#####+##


You could see an orc warrior and an ogre.

Vanquished Creatures
  The ghost of thesun the Slasher, a novice MiFi (D:5)
  A troll (D:8)
  A hornet (D:7)
  Menkaure (D:6)
  A water moccasin (D:8)
  2 black bears
  A hornet zombie (D:7)
  A sky beast (D:7)
  3 orc warriors
  2 ice beasts
  An ogre (D:5)
  A phantom (D:4)
  7 centaurs
  A big kobold (D:8)
  A bullfrog (D:6)
  A gnoll sergeant (D:7)
  A scorpion (D:4)
  6 killer bees
  3 howler monkeys (D:6)
  The ghost of Guenter the Ruffian, a weakling VSWn (D:3)
  A bullfrog zombie (D:6)
  3 quasits
  3 hounds
  A human zombie (D:5)
  2 bullfrog skeletons
  4 orc priests
  An iguana (D:5)
  6 worker ants
  4 orc wizards
  A killer bee zombie (D:8)
  A big kobold zombie (Ossuary)
  A hound skeleton (D:7)
  3 mummies (Ossuary)
  A worker ant zombie (D:5)
  11 gnolls
  4 adders
  2 shadow imps
  An ooze (D:2)
  5 adder skeletons
  2 adder zombies
  2 worms
  2 leopard geckos
  36 orcs
  5 ball pythons
  4 giant cockroaches
  6 goblins
  7 hobgoblins
  13 jackals
  12 kobolds
  4 quokkas
  4 bats
  7 frilled lizards
  2 gnoll zombies
  3 goblin zombies (Ossuary)
  3 hobgoblin zombies (Ossuary)
  A jackal skeleton (D:4)
  2 kobold zombies (Ossuary)
  3 orc zombies
  3 quokka zombies (Ossuary)
  5 rats
  3 rat zombies (Ossuary)
221 creatures vanquished.

Notes
Turn   | Place    | Note
-------+----------+-------------------------------------------
     0 | D:1      | Spazmo the Deep Elf Fire Elementalist began the quest for the Orb.
     0 | D:1      | Reached XP level 1. HP: 10/10 MP: 6/6
    86 | D:1      | You fall through a shaft!
   294 | D:1      | Reached XP level 2. HP: 15/15 MP: 5/8
   314 | D:1      | Learned a level 2 spell: Throw Flame
  1035 | D:2      | Reached XP level 3. HP: 19/19 MP: 4/9
  1100 | D:2      | Learned a level 3 spell: Conjure Flame
  1580 | D:3      | Noticed Guenter's ghost (weakling VSWn)
  1595 | D:3      | Killed Guenter's ghost
  1595 | D:3      | Reached skill level 4 in Spellcasting
  1595 | D:3      | Reached XP level 4. HP: 24/24 MP: 2/12
  2165 | D:3      | Learned a level 4 spell: Sticky Flame
  2310 | D:3      | Reached XP level 5. HP: 28/28 MP: 10/13
  2822 | D:4      | Reached skill level 5 in Spellcasting
  3031 | D:4      | Reached XP level 6. HP: 32/32 MP: 8/16
  3108 | D:4      | Reached skill level 5 in Fire Magic
  3295 | D:5      | Entered Level 5 of the Dungeon
  3499 | D:5      | Reached skill level 6 in Spellcasting
  3536 | D:5      | Reached XP level 7. HP: 36/36 MP: 6/18
  3550 | D:5      | Noticed thesun's ghost (novice MiFi)
  3554 | D:5      | Found a sand-covered staircase.
  3688 | Ossuary  | Entered an ossuary
  4076 | D:5      | Reached skill level 5 in Conjurations
  4087 | D:5      | Found a staircase to the Ecumenical Temple.
  4101 | Temple   | Entered the Ecumenical Temple
  4106 | Temple   | Became a worshipper of Vehumet
  4140 | D:5      | Reached skill level 7 in Spellcasting
  4498 | D:5      | Reached XP level 8. HP: 23/41 MP: 17/21
  4545 | D:5      | Found Juotesos's General Store.
  4549 | D:5      | Bought a book of Minor Magic for 200 gold pieces
  4556 | D:5      | Learned a level 5 spell: Fireball
  4559 | D:5      | Learned a level 2 spell: Blink
  4645 | D:5      | Killed thesun's ghost
  4645 | D:5      | Reached skill level 8 in Spellcasting
  4951 | D:6      | Noticed Menkaure
  4957 | D:6      | Killed Menkaure
  5341 | D:6      | Reached skill level 9 in Spellcasting
  5701 | D:6      | Upgraded the game from 0.21-a0-575-g651f7c3 to 0.21-a0-576-ge8bd881
  5754 | D:6      | Reached * piety under Vehumet
  5754 | D:6      | Offered knowledge of Sting by Vehumet.
  5923 | D:7      | Reached XP level 9. HP: 45/45 MP: 18/24
  6488 | D:7      | Reached skill level 10 in Spellcasting
  6513 | D:7      | Got a heavy robe
  6518 | D:7      | Identified the cursed +0 robe of Henotheism {+Fly Dex+3} (You found it on level 7 of the Dungeon)
  7430 | D:8      | Reached ** piety under Vehumet
  7469 | D:8      | Offered knowledge of Freeze by Vehumet.
  7941 | D:8      | Reached skill level 11 in Spellcasting
  8032 | D:8      | Reached XP level 10. HP: 50/50 MP: 17/27
  8562 | D:9      | Mangled by an orc warrior

Vault maps used:
D:1:      evilmike_arrival_plus, moated_statue, grunt_decor_mini_mirrors,
          hex_large
D:2:      first_ration
D:3:      hangedman_decor_clover_reticule, guppyfry_early_orc_mine
D:4:      grunt_ministairs_10
D:5:      temple_pool_b, enter_ossuary_3, serial_shops, shop,
          kennysheep_generic_room_13
D:6:      uniq_menkaure
D:9:      nicolae_ru_path_of_blood
Temple:   nicolae_temple_the_god_donut
Ossuary:  ossuary_minmay_chase

Skill      XL: |  1  2  3  4  5  6  7  8  9 |
---------------+----------------------------+-----
Stealth        | 3 |  3.0
Dodging        | 3 |  3.0
Conjurations   | 2 3 4 5 7 9 |  9.2
Spellcasting   | 4 5 6 7 9 11 | 11.2
Fire Magic     | 4 5 6 8 9 |  9.8

Action                   |  1- 3 |  4- 6 |  7- 9 | 10-12 || total
-------------------------+-------+-------+-------+-------++-------
Melee: Short sword       |       |     1 |    94 |    33 ||   128
 Cast: Flame Tongue      |    66 |   128 |   288 |    10 ||   492
       Throw Flame       |     1 |     3 |    22 |     5 ||    31
       Conjure Flame     |     1 |       |     4 |       ||     5
       Sticky Flame      |       |     2 |    21 |     1 ||    24
       Fireball          |       |       |     3 |     2 ||     5
       Blink             |       |       |     2 |     2 ||     4
  Use: Scroll            |     7 |     4 |    11 |       ||    22
       Potion            |       |     2 |     3 |     1 ||     6
  Eat: Chunk             |     2 |     6 |     8 |     2 ||    18
       Ration            |       |       |     2 |       ||     2
Armor: Robe              |     9 |    11 |    44 |     8 ||    72
Dodge: Dodged            |    34 |    25 |   157 |    24 ||   240
       Rpst.: Long sword |       |     1 |       |       ||     1

Table legend:
 A = Spawn XP
 B = Non-spawn XP
 C = Spawn XP percentage of total XP
 D = Spawn monster count
 E = Non-spawn monster count
 F = Spawn count percentage of total count
 G = Total turns spent on level
                    A         B        C        D         E        F      G
               +---------+---------+-------+---------+---------+-------+---------
         Total |       0 |    6112 |   0.0 |       0 |     221 |   0.0 |  8562
               +---------+---------+-------+---------+---------+-------+---------
           D:1 |       0 |      27 |   0.0 |       0 |      18 |   0.0 |   777
           D:2 |       0 |      41 |   0.0 |       0 |      14 |   0.0 |   763
           D:3 |       0 |     211 |   0.0 |       0 |      37 |   0.0 |  1194
           D:4 |       0 |     293 |   0.0 |       0 |      14 |   0.0 |   569
           D:5 |       0 |    1230 |   0.0 |       0 |      22 |   0.0 |  1081
           D:6 |       0 |    1085 |   0.0 |       0 |      29 |   0.0 |  1387
           D:7 |       0 |    1441 |   0.0 |       0 |      28 |   0.0 |  1281
           D:8 |       0 |    1675 |   0.0 |       0 |      36 |   0.0 |  1114
           D:9 |       0 |       6 |   0.0 |       0 |       2 |   0.0 |     4
       Ossuary |       0 |     103 |   0.0 |       0 |      21 |   0.0 |   380
               +---------+---------+-------+---------+---------+-------+---------
